 Dungeon Crawl Stone Soup version 0.17-a0-1181-gabc46e6 (webtiles) character file.

1096 Inkie the Frost Mage (level 8, -2/52 HPs)
             Began as a Merfolk Ice Elementalist on May 31, 2015.
             Was a Believer of Vehumet.
             Slain by an ogre
             ... wielding a +0 giant club
              (27 damage)
             ... on level 7 of the Dungeon.
             The game lasted 00:36:05 (6965 turns).

Inkie the Frost Mage (Merfolk Ice Elementalist)     Turns: 6965, Time: 00:36:05

Health: -2/52      AC:  6    Str:  9    XL:     8   Next: 31%
Magic:  10/16      EV: 13    Int: 16    God:    Vehumet [**....]
Gold:   272        SH:  0    Dex: 14    Spells: 3 memorised, 13 levels left

rFire  . . .     SeeInvis .     d - +0 spear
rCold  . . .     Clarity  .     a - +0 robe
rNeg   + . .     SustAt   .     (no shield)
rPois  .         Gourm    .     p - +0 helmet
rElec  .         Spirit   .     (no cloak)
rCorr  .         Warding  .     v - +0 pair of gloves
rMut   .         Stasis   .     q - +1 pair of boots
MR     .....                    (no amulet)
Stlth  ++........               C - ring of positive energy
                                n - ring of flight

@: very slightly contaminated, not resistant to hostile enchantments, unstealthy
A: change form in water, swift swim
a: Renounce Religion, Evoke Flight


You were on level 7 of the Dungeon.
You worshipped Vehumet.
Vehumet was pleased with you.
You were not hungry.

You visited 1 branch of the dungeon, and saw 7 of its levels.
You also visited: Sewer.

You collected 272 gold pieces.

Inventory:

Hand weapons
 d - a +0 spear (weapon)
Missiles
 m - 147 stones (quivered)
Armour
 a - a +0 robe (worn)
 p - a +0 helmet (worn)
 q - a +1 pair of boots (worn)
 v - a +0 pair of gloves (worn)
 w - the +2 hat of the High Council {Archmagi, Wiz- Stlth-}
   (You found it on level 4 of the Dungeon)

   It makes you less stealthy.
 B - a fire dragon hide
Jewellery
 n - a ring of flight (left hand)
 C - a ring of positive energy (right hand)
Magical devices
 y - a wand of invisibility (5)
Scrolls
 e - 2 scrolls of identify
 f - 2 scrolls of teleportation
 i - 3 scrolls of remove curse
 r - 2 scrolls of enchant armour
 D - a scroll of fear
 E - a scroll of enchant weapon {unknown}
Potions
 g - a potion of invisibility {unknown}
 h - 3 potions of curing {unknown}
 k - a potion of brilliance {unknown}
 o - a potion of resistance {unknown}
 t - a potion of flight {unknown}
 u - 4 potions of heal wounds {unknown}
 x - 2 potions of poison {unknown}
 H - a potion of agility {unknown}
Books
 b - a book of Frost

   Spells                             Type                      Level
   a - Freeze                         Ice                          1
   b - Throw Frost                    Conjuration/Ice              2
   c - Ozocubu's Armour               Charms/Ice                   3
   d - Throw Icicle                   Conjuration/Ice              4
   e - Summon Ice Beast               Ice/Summoning                4
   f - Condensation Shield            Ice                          4
 z - a book of Geomancy

   Spells                             Type                      Level
   a - Sandblast                      Earth                        1
   b - Stoneskin                      Transmutation/Earth          2
   c - Passwall                       Transmutation/Earth          3
   d - Stone Arrow                    Conjuration/Earth            3
   e - Petrify                        Transmutation/Earth          4
   f - Lee's Rapid Deconstruction     Earth                        5
 F - a book of the Dragon

   Spells                             Type                      Level
   a - Flame Tongue                   Conjuration/Fire             1
   b - Cause Fear                     Hexes                        4
   c - Bolt of Fire                   Conjuration/Fire             6
   d - Dragon Form                    Transmutation                7
   e - Dragon's Call                  Summoning                    9
Miscellaneous
 l - a box of beasts {used: 1}
Comestibles
 c - 4 bread rations
 j - 2 slices of pizza
 s - a meat ration
 A - a chunk of flesh
 G - a royal jelly


   Skills:
 - Level 2.6 Dodging
 - Level 2.1 Stealth
 + Level 5.9 Spellcasting
 + Level 2.2 Conjurations
 - Level 8.0 Ice Magic
 + Level 0.6 Evocations


You had 13 spell levels left.
You knew the following spells:

 Your Spells              Type           Power        Failure   Level  Hunger
a - Freeze                Ice            ####         1%          1    None
f - Searing Ray           Conj           ##....       10%         2    #......
x - Throw Frost           Conj/Ice       ###...       2%          2    #......


Dungeon Overview and Level Annotations

Branches:
Dungeon (7/15)
 Temple: D:4-7

Altars:
Ashenzari
Cheibriados
Gozag
Kikubaaqudgha
Nemelex Xobeh
Qazlal
Ru
Trog
Vehumet
The Shining One

Annotations:
D:2 Crazy Yiuf
D:3 Inkie's ghost, average GrEE
D:5 Oper80's ghost, experienced OgHu


Message History

The ogre is moderately wounded.
Casting: Throw Frost
Confirm with . or Enter, or press ? or * to list all spells.
Aiming: Freeze
Press: ? - help, Shift-Dir - straight line, f/p - ogre
Aim: an ogre, wielding a giant club (moderately wounded)
You freeze the ogre.
The ogre is heavily wounded.
The ogre hits you with a giant club!!
Ouch! That really hurt!
Casting: Freeze
Confirm with . or Enter, or press ? or * to list all spells.
Aiming: Freeze
Press: ? - help, Shift-Dir - straight line, f/p - ogre
Aim: an ogre, wielding a giant club (heavily wounded)
You freeze the ogre.
The ogre is heavily wounded.
The ogre hits you with a giant club!!
Ouch! That really hurt!
You die...

#....# #....# #.>..#
#....#######
#....#......
#...........
#....#...... #@O# ......
###..### ......
###..#...# ....
##....#.#.# ...
##.....#...#########.###
#..................#.#..
##......##.....(..^..#.#
##......#...........<..
###...................


You could see an ogre.

Vanquished Creatures
  A sky beast (D:6)
  2 centaurs
  2 giant frogs (D:6)
  3 wights (D:6)
  A crimson imp (D:5)
  A hound (D:5)
  A jelly (D:6)
  Ijyb (D:2)
  Natasha (thrice) (D:4)
  2 orc priests (D:3)
  7 worker ants
  3 gnolls
  8 adders
  A shadow imp (D:6)
  2 worms (D:2)
  10 giant geckos
  3 orcs (D:5)
  8 bats
  A bat skeleton (D:6)
  12 giant cockroaches
  7 goblins
  13 hobgoblins
  4 quokkas
  6 ball pythons
  A giant gecko zombie (D:7)
  10 giant newts
  A jackal skeleton (D:6)
  9 kobolds
  7 rats
130 creatures vanquished.

Notes
Turn   | Place    | Note
--------------------------------------------------------------
     0 | D:1      | Inkie the Merfolk Ice Elementalist began the quest for the Orb.
     0 | D:1      | Reached XP level 1. HP: 13/13 MP: 3/3
   380 | D:1      | Reached XP level 2. HP: 19/19 MP: 1/5
   387 | D:1      | Learned a level 2 spell: Throw Frost
   416 | D:1      | Reached skill level 4 in Ice Magic
  1075 | D:2      | Noticed Natasha
  1174 | D:2      | Noticed Crazy Yiuf
  1221 | D:2      | Reached XP level 3. HP: 24/24 MP: 1/6
  1351 | D:2      | Noticed Ijyb
  1415 | D:2      | Killed Ijyb
  1415 | D:2      | Reached skill level 5 in Ice Magic
  1415 | D:2      | Reached XP level 4. HP: 18/30 MP: 0/7
  2414 | D:2      | Reached skill level 6 in Ice Magic
  2466 | D:2      | Found a stormy altar of Qazlal.
  2468 | D:2      | Found a snail-covered altar of Cheibriados.
  2470 | D:2      | Found an ancient bone altar of Kikubaaqudgha.
  2474 | D:2      | Found an opulent altar of Gozag.
  2480 | D:2      | Reached XP level 5. HP: 28/35 MP: 2/8
  2481 | D:2      | Found a sparkling altar of Nemelex Xobeh.
  2493 | D:2      | Found a radiant altar of Vehumet.
  2494 | D:2      | Found a bloodstained altar of Trog.
  2533 | D:2      | Became a worshipper of Vehumet
  2910 | D:3      | Noticed Inkie's ghost (average GrEE)
  3088 | D:2      | Reached skill level 1 in Conjurations
  3481 | D:3      | Reached skill level 7 in Ice Magic
  3481 | D:3      | Reached XP level 6. HP: 18/41 MP: 0/9
  3947 | D:4      | Killed Natasha
  3956 | D:4      | Noticed Natasha
  3960 | D:4      | Killed Natasha
  4219 | D:4      | Acquired Vehumet's first power
  4219 | D:4      | Offered knowledge of Sting by Vehumet.
  4237 | D:4      | Noticed Natasha
  4262 | D:4      | Killed Natasha
  4394 | D:4      | Found a shattered altar of Ashenzari.
  4579 | D:5      | Entered Level 5 of the Dungeon
  4595 | D:5      | Reached skill level 8 in Ice Magic
  4732 | D:5      | Noticed Oper80's ghost (experienced OgHu)
  4748 | D:5      | Reached XP level 7. HP: 40/46 MP: 3/11
  4872 | D:5      | Noticed a hippogriff
  5323 | D:6      | Found a glowing golden altar of the Shining One.
  5365 | D:6      | Found a glowing drain.
  5401 | Sewer    | Entered a sewer
  5419 | Sewer    | Offered knowledge of Searing Ray by Vehumet.
  5424 | Sewer    | Learned a level 2 spell: Searing Ray
  5988 | D:6      | Found a sacrificial altar of Ru.
  6089 | D:6      | Reached skill level 5 in Spellcasting
  6089 | D:6      | Reached XP level 8. HP: 46/52 MP: 11/15
  6906 | D:7      | Offered knowledge of Ignite Poison by Vehumet.
  6965 | D:7      | Slain by an ogre

Vault maps used:
D:1:      lemuel_arrival_funnel
D:2:      minitemple, uniq_natasha, uniq_crazy_yiuf_cottage, uniq_iyjb
D:4:      first_bread, nicolae_ashenzari_panopticon
D:5:      temple_hall
D:6:      old_standard_altar, portal_sewer_entry_f, roderic_lattice_a,
          grunt_decor_one_mirror, tso_metal_star
D:7:      serial_shops, nicolae_shop_trees, kennysheep_decorative_pillar,
          uniq_joseph
Sewer:    sewer_frog_island_01

Action                   |  1- 3 |  4- 6 |  7- 9 || total
-------------------------+-------+-------+-------++-------
Melee: Unarmed           |     7 |       |       ||     7
       Spear             |    11 |    57 |    93 ||   161
Throw: Stone             |     9 |       |       ||     9
 Cast: Freeze            |    45 |    86 |    58 ||   189
       Throw Frost       |     3 |     6 |    12 ||    21
       Searing Ray       |       |       |     5 ||     5
Evoke: Box of beasts     |       |       |     2 ||     2
  Use: Scroll            |       |     2 |     5 ||     7
 Stab: Sleeping          |       |     9 |     3 ||    12
       Distracted        |       |       |     1 ||     1
  Eat: Chunk             |     2 |    12 |     8 ||    22
